 Dungeon Crawl Stone Soup version 0.29.1-15-g9cfb28693d (webtiles) character file.

Game seed: 18385288710205844068

14 Antologik the Charlatan (level 2, 0/14 HPs)
             Began as a Spriggan Artificer on Apr 3, 2023.
             Slain by a hound (3 damage)
             ... on level 4 of the Dungeon.
             The game lasted 00:11:59 (476 turns).

Antologik the Charlatan (Spriggan Artificer)         Turns: 476, Time: 00:12:00

Health: 0/14       AC:  2    Str:  8    XL:     2   Next: 27%
Magic:  3/3        EV: 18    Int: 12    God:
Gold:   55         SH:  0    Dex: 15    Spells: 1/1 levels left

rFire   . . .      SeeInvis +   o - +0 trident (venom)
rCold   . . .      Faith    .   (shield currently unavailable)
rNeg    . . .      Spirit   .   b - +0 robe
rPois   .          Reflect  .   (helmet restricted)
rElec   .          Harm     .   (no cloak)
rCorr   .          Rampage  .   (gloves unavailable)
Will    .....                   (boots unavailable)
Stlth   ++........              (no amulet)
HPRegen 0.04/turn               (no ring)
MPRegen 0.08/turn               (no ring)

@: very quick
A: very small, no large weapons, unfitting armour, see invisible, speed 3
a: no special abilities


You were on level 4 of the Dungeon.
You visited 1 branch of the dungeon, and saw 4 of its levels.

You collected 55 gold pieces.

Inventory:

Hand Weapons
 a - a +0 club
 g - a +0 mace
 o - a +0 trident of venom (weapon)
 q - a +0 whip
 t - a +3 dagger
Missiles
 h - 3 boomerangs
 k - 6 poisoned darts
 m - 12 stones
Armour
 b - a +0 robe (worn)
 p - a +0 ring mail
Wands
 c - a wand of flame (11) (quivered)
 d - a wand of charming (15)
 e - a wand of iceblast (5)
Scrolls
 i - 4 scrolls of teleportation {unknown}
 j - 2 scrolls of poison {unknown}
 l - a scroll of amnesia {unknown}
 n - a scroll of identify {unknown}
 r - a scroll of silence {unknown}
Potions
 f - a potion of curing
 s - a potion of might {unknown}


   Skills:
 + Level 0.7 Fighting
 + Level 0.4 Maces & Flails
 + Level 3.5 Dodging
 + Level 1.8 Stealth
 + Level 4.5 Evocations


You had one spell level left.
You didn't know any spells.
Your spell library contained the following spells:

 Spells                   Type           Power      Damage    Failure   Level
 Ignite Poison            Fire/Tmut/Pois 0%         N/A       69%         3
 Mephitic Cloud           Conj/Pois/Air  0%         N/A       69%         3
 Freezing Cloud           Conj/Ice/Air   0%         6-21      100%        5


Dungeon Overview and Level Annotations

Branches:
Dungeon (4/15)
 Temple: D:4-7

Altars:

Annotations:
D:2 Jessica


Innate Abilities, Weirdness & Mutations

You are very small and have problems with some larger weapons.
You are too small for most types of armour.
You have supernaturally acute eyesight. (SInv)
You cover ground extremely quickly. (Speed+++)


Message History

The hound barks!
You hear a shout!
A goblin comes into view. It is wielding a +3 dagger.
You are too injured to fight recklessly!
You are too injured to fight recklessly!
A hound is nearby!
A hound is nearby!
There is a stone staircase leading up here.
You climb upwards.
There is a stone staircase leading down here.
You can't go up here!
There is an open door here.
There is a fountain of clear blue water here.
There is an open door here.
There is a stone staircase leading down here.
You climb downwards.
There is a stone staircase leading up here.
A goblin is nearby!
It was a potion of curing.
You feel better.
You hit the goblin but do no damage. The goblin hits you with a +3 dagger.
You completely miss the goblin. The goblin completely misses you.
You hit the goblin.
You kill the goblin!
You see here a +3 dagger.
t - a +3 dagger Setting a skill training target for Polearms at 14.0.
The hound barks!
The hound barely misses you.
You hit the hound.
The hound is poisoned.
The hound is lightly wounded.
The hound bites you.
The hound pauses to sniff the ground.
The hound bites you.
You hit the hound.
The hound looks as sick as possible!
The hound is moderately wounded.
The hound closely misses you. The hound bites you.
* * * LOW HITPOINT WARNING * * *
You closely miss the hound.
The hound is heavily wounded.
The hound bites you.
You die...

........######.###..###
......... ..........
#.#.#...# #..###..##
#.#.#...# #..###..##
#.#...# ###..#..<..+
.#..... ....#.##.##
...#...#####..#.##.#
..........##..#....####
#.............@h......
#.....................
#.....#####.#####.####
#..... #.# .# #.....
#.# # ....... ...
.#..... ... #..#..
##### ##.#..


You could see a hound (extremely poisoned).

Vanquished Creatures
  A dart slug (D:2)
  An endoplasm (D:2)
  A kobold (D:3)
  A quokka (D:2)
  A ball python (D:1)
  2 bats (D:1)
  A frilled lizard (D:2)
  2 goblins
  3 rats
13 creatures vanquished.

Notes
Turn   | Place    | Note
-------+----------+-------------------------------------------
     0 | D:1      | Antologik the Spriggan Artificer began the quest for the
                  | Orb.
     0 | D:1      | Reached XP level 1. HP: 9/9 MP: 2/2
   247 | D:2      | Reached XP level 2. HP: 11/14 MP: 3/3
   327 | D:2      | Noticed Jessica
   476 | D:4      | Slain by a hound

Illustrated notes

Levels and vault maps discovered:
D:1:      amcnicky_arrival_abandoned_market, layout_basic,
          dreamdust_ecumenical_altar_statues
D:2:      layout_loops_ring, uniq_jessica
D:3:      layout_rooms, nicolae_overflow_hidden_temple,
          nicolae_tso_besieged_by_evil, mainiacjoe_overflow_alcove_2,
          grunt_ministairs_6, kennysheep_small_spiral
D:4:      layout_basic, minmay_misc_feat_doors

Action                   || total
-------------------------++-------
Melee: Mace              ||    25
       Punch             ||     1
       Trident           ||    10
Evoke: Wand              ||     4
  Use: Potion            ||     1
 Stab: Sleeping          ||     1
Armor: Robe              ||     6
Dodge: Dodged            ||    26
